 Dungeon Crawl Stone Soup version 0.29.0 (webtiles) character file.

Game seed: 8861216586197705811

27 BakedSpriggan the Sneak (level 3, 0/28 HPs)
             Began as a Ghoul Enchanter on Sept 4, 2022.
             Slain by a goblin
             ... wielding a +0 dagger
             ... led by Robin
              (4 damage)
             ... on level 2 of the Dungeon on Sept 5, 2022.
             The game lasted 00:11:08 (1927 turns).

BakedSpriggan the Sneak (Ghoul Enchanter)           Turns: 1927, Time: 00:11:08

Health: 0/28       AC:  2    Str: 13    XL:     3   Next: 10%
Magic:  4/4        EV: 12    Int: 10    God:
Gold:   82         SH:  0    Dex:  9    Spells: 5/5 levels left

rFire   . . .      SeeInvis .   a - +1 dagger
rCold   + . .      Faith    .   (no shield)
rNeg    + + +      Spirit   .   b - +0 robe
rPois   ∞          Reflect  .   (no helmet)
rElec   .          Harm     .   (no cloak)
rCorr   .          Rampage  .   (no gloves)
Will    .....                   (no boots)
Stlth   ++........              (no amulet)
HPRegen 0.00/turn               (no ring)
MPRegen 0.09/turn               (no ring)

@: inhibited regen
A: claws 1, cold resistance 1, negative energy resistance 3, inhibited
regeneration, torment resistance 2, devour on kill
a: no special abilities


You were on level 2 of the Dungeon.
You visited 1 branch of the dungeon, and saw 2 of its levels.

You collected 82 gold pieces.

Inventory:

Hand Weapons
 a - a +1 dagger (weapon)
Missiles
 e - 4 stones
 h - a poisoned dart (quivered)
Armour
 b - a +0 robe (worn)
Scrolls
 d - a scroll of identify {unknown}
 g - a scroll of silence {unknown}
Potions
 c - 3 potions of invisibility
 f - a potion of heal wounds {unknown}
 i - a potion of haste {unknown}


   Skills:
 + Level 1.4 Fighting
 - Level 0.8 Short Blades
 - Level 1.7 Dodging
 + Level 3.9 Stealth
 + Level 1.4 Unarmed Combat
 - Level 1.7 Spellcasting
 - Level 2.4 Hexes


You had 5 spell levels left.
You didn't know any spells.
Your spell library contained the following spells:

 Spells                   Type           Power      Damage    Failure   Level
 Ensorcelled Hibernation  Hex/Ice        6%         N/A       30%         2
 Confusing Touch          Hex            5%         N/A       34%         3
 Tukima's Dance           Hex            5%         N/A       34%         3
 Static Discharge         Conj/Air       0%         3-3/arc   43%         2
 Dazzling Flash           Conj/Hex       6%         N/A       52%         3
 Dispel Undead            Necr           0%         3d6       97%         4
 Sticky Flame             Conj/Fire      0%         2d3       97%         4


Dungeon Overview and Level Annotations

Branches:
Dungeon (2/15)

Altars:

Annotations:
D:2 Jessica, Robin


Innate Abilities, Weirdness & Mutations

You are immune to poison.
You have sharp fingernails.
Your flesh is cold resistant. (rC+)
You are immune to negative energy. (rN+++)
You do not regenerate when monsters are visible.
You are immune to unholy pain and torment.
You thrive by killing the living.


Message History

You throw a poisoned dart. The poisoned dart hits the hobgoblin.
The hobgoblin looks even sicker.
The hobgoblin is heavily wounded.
Jessica casts a spell.
Jessica blinks!
A hobgoblin comes into view.
The hobgoblin hits you. Robin throws the goblin at you!
You hit the hobgoblin but do no damage.
The hobgoblin is heavily wounded.
Jessica mumbles some strange words.
Jessica blinks!
The hobgoblin misses you. The goblin hits you with a +0 club.
You barely miss the hobgoblin.
The hobgoblin is almost dead.
Jessica casts a spell.
Jessica blinks!
The hobgoblin barely misses you. The goblin hits you but does no damage.
Robin throws the goblin at you!
Throw: dart (poison)
Press: ? - help, Q - select action, (/) - cycle Shift-Dir - straight line, f/p - Jessica
Aim: Jessica, wielding a +0 dagger and wearing a +2 robe of resistance (fast, 52% to hit)
Okay, then.
You hit the goblin.
The goblin is moderately wounded.
The hobgoblin barely misses you. The goblin hits you with a +0 club.
The goblin barely misses you.
You closely miss the goblin.
The goblin is moderately wounded.
The hobgoblin misses you. The goblin hits you with a +0 club.
The goblin completely misses you.
You barely miss the goblin.
The goblin is moderately wounded.
You kill the hobgoblin!
You feel better. The goblin hits you with a +0 club.
The goblin hits you with a +0 dagger. Jessica hits you with a +0 dagger.
* * * LOW HITPOINT WARNING * * *
You hit the goblin.
The goblin is moderately wounded.
Jessica hits you with a +0 dagger.
* * * LOW HITPOINT WARNING * * *
The goblin misses you. The goblin hits you with a +0 dagger.
You die...

...#.##########
#...........#
#...#######.#
#.#.#### #.#
#.#....####.#
#.####......###
#.# #####....##
#.# ##.#gg# #.#
#.##@# #.#
#####.##@## #.#
#...#.##gg# #.#
#...#.###g# #.#
#...#.# #.g.
###.#####...#.#
###(g#
............# ..#
###.#####.###.####
... #.# ##.# .....
.(.#


You could see Robin, Jessica (fast), a hobgoblin and 4 goblins.

Vanquished Creatures
  2 endoplasms (D:1)
  A giant cockroach (D:1)
  3 hobgoblins
  4 jackals (D:1)
  A quokka (D:1)
  A ball python (D:1)
  4 bats (D:1)
  4 goblins
  2 kobolds (D:1)
  A rat (D:1)
23 creatures vanquished.

Notes
Turn   | Place    | Note
-------+----------+-------------------------------------------
     0 | D:1      | BakedSpriggan the Ghoul Enchanter began the quest for the
                  | Orb.
     0 | D:1      | Reached XP level 1. HP: 14/14 MP: 2/2
   545 | D:1      | Reached XP level 2. HP: 16/22 MP: 3/3
   587 | D:1      | Reached skill level 1 in Fighting
   698 | D:1      | Reached skill level 1 in Unarmed Combat
  1830 | D:2      | Found a faded altar of an unknown god.
  1915 | D:2      | Noticed Jessica
  1917 | D:2      | Noticed Robin
  1919 | D:2      | Reached XP level 3. HP: 28/28 MP: 4/4
  1927 | D:2      | Slain by a goblin

Illustrated notes

Levels and vault maps discovered:
D:1:      nicolae_arrival_somewhat_less_tricky_arrival, layout_basic,
          nrook_loot_triangle, minmay_curled_crystal
D:2:      layout_basic, nicolae_ecumenical_pavilion, uniq_robin, uniq_jessica,
          uniq_crazy_yiuf_cottage

Skill      XL: |  1  2 |
---------------+-------+-----
Fighting       | 1 |  1.4
Unarmed Combat | 1 |  1.4
Short Blades   | |  0.8
Dodging        | |  1.7
Stealth        | |  3.9
Spellcasting   | |  1.7
Hexes          | |  2.4

Action                   || total
-------------------------++-------
Melee: Dagger            ||   120
       Punch             ||     1
Throw: Dart              ||    17
       Stone             ||     8
Armor: Robe              ||    30
Dodge: Dodged            ||    97
